 Dungeon Crawl Stone Soup version 0.31-a0-1570-g93c622d222 (webtiles) character file.

Game seed: 5329506210876490645

2765 Laraso the Severer (level 9, -6/105 HPs)
             Began as a Hill Orc Fighter on Jan 3, 2024.
             Was a Believer of Beogh.
             Mangled by a hornet (10 damage)
             ... on level 7 of the Dungeon.
             The game lasted 00:08:03 (6878 turns).

Laraso the Severer (Hill Orc Fighter)               Turns: 6878, Time: 00:08:03

Health: -6/105     AC: 24    Str: 19    XL:     9   Next: 69%
Magic:  14/14      EV:  2    Int:  8    God:    Beogh [**....]
Gold:   390        SH:  5    Dex: 14    Spells: 8/8 levels left

rFire   . . .        a - +1 war axe
rCold   . . .        c - +0 buckler
rNeg    + . .        d - melded +0 scale mail
rPois   +            (helmet currently unavailable)
rElec   .            g - melded +0 cloak
rCorr   .            (gloves currently unavailable)
SInv    .            (boots currently unavailable)
Will    .....        (no amulet)
Stlth   +            n - ring of positive energy
HPRegen 0.37/turn    (no ring)
MPRegen 0.14/turn

%: clarity
@: tree-form (expiring), slowed, very slow
A: stationary, stasis, torment immunity, boosted hp, clarity, (deformed body),
high MP 1, noise suppression
a: Renounce Religion, Smiting


You were on level 7 of the Dungeon.
You worshipped Beogh.
Beogh was pleased with you.
You were a tree.
You visited 1 branch of the dungeon, and saw 7 of its levels.
You also visited: Ossuary.

You collected 390 gold pieces.

Inventory:

Hand Weapons
 a - a +1 war axe (weapon)
 b - a +2 flail of protection
Missiles
 v - a throwing net
Armour
 c - a +0 buckler (worn)
 d - a +0 scale mail (melded)
 g - a +0 cloak (melded)
 k - a scarf of resistance
Jewellery
 n - a ring of positive energy (left branch)
 w - an amulet of reflection
Wands
 l - a wand of flame (13)
 u - a wand of charming (7)
Scrolls
 e - 5 scrolls of enchant armour
 f - a scroll of revelation
 h - a scroll of teleportation {unknown}
 i - 3 scrolls of enchant weapon
 j - 2 scrolls of fog {unknown}
 m - 2 scrolls of poison
 o - a scroll of brand weapon {unknown}
 r - 2 scrolls of blinking
 t - 3 scrolls of fear {unknown}
 y - a scroll of vulnerability {unknown}
Potions
 p - 4 potions of heal wounds {unknown}
 s - 2 potions of enlightenment {unknown}
 x - a potion of brilliance {unknown}
 z - 2 potions of invisibility {unknown}
 A - a potion of curing
 B - 2 potions of attraction {unknown}


   Skills:
 - Level 3.6 Fighting
 * Level 15.6 Axes
 - Level 3.2 Armour
 - Level 3.2 Shields
 + Level 6.0 Invocations


You had 8 spell levels left.
You didn't know any spells.
Your spell library contained the following spells:

 Spells                   Type           Power      Damage    Failure   Level
 Summon Small Mammal      Summ           0%         N/A       47%         1
 Ensorcelled Hibernation  Hex/Ice        0%         N/A       63%         2
 Call Canine Familiar     Summ           0%         N/A       85%         3
 Fugue of the Fallen      Necr           0%         N/A       85%         3
 Anguish                  Hex/Necr       0%         N/A       99%         4
 Summon Blazeheart Golem  Fire/Summ      0%         N/A       99%         4


Dungeon Overview and Level Annotations

Branches:
Dungeon (7/15)            Ossuary (visited)
 Temple: D:4-7

Altars:


Innate Abilities, Weirdness & Mutations

You are a tree.
Your roots penetrate the ground, keeping you stationary.
You cannot be teleported.
You are immune to unholy pain and torment.
Your maximum health is greatly increased.
Your equipment is partially melded.
You possess an exceptional clarity of mind.
((Armour fits poorly on your strangely shaped body.))
You have an increased reservoir of magic. (+10% MP)
You passively dampen the noise of your surroundings.


Message History

You hit the hornet but do no damage.
The hornet is heavily wounded.
The hornet stings you but does no damage.
You hit the hornet but do no damage.
The hornet is heavily wounded.
The hornet stings you but does no damage.
You closely miss the hornet.
The hornet is heavily wounded.
The hornet stings you!
* * * LOW HITPOINT WARNING * * *
You feel yourself slow down.
You hit the hornet but do no damage.
The hornet is heavily wounded.
You feel yourself speed up.
The hornet stings you but does no damage.
The hornet stings you.
* * * LOW HITPOINT WARNING * * *
You completely miss the hornet.
The hornet is heavily wounded.
The hornet stings you!
* * * LOW HITPOINT WARNING * * *
You feel yourself slow down.
You hit the hornet.
The hornet is heavily wounded.
The hornet stings you.
* * * LOW HITPOINT WARNING * * *
The hornet stings you but does no damage.
You barely miss the hornet.
The hornet is heavily wounded.
You feel yourself speed up.
The hornet stings you but does no damage.
The hornet stings you!
* * * LOW HITPOINT WARNING * * *
You feel yourself slow down.
You feel better.
Your transformation is almost over.
The hornet stings you.
* * * LOW HITPOINT WARNING * * *
The hornet stings you!
You die...

..#.##..# .#..## #.....
#. .# ##.# #.#..# ##....
#. #. ##..#
#.#..####..... ##.##
#...# ...#..##...####
...###.###'###.....### #
#..#.....)......## #
#.##.###.#)##.#### ##
#..#...##.#..##....###.
#.#####♣.####.#..##.....
#. #..Ky#.# #...######..
#. ##.## .#.##...## ##..
.. # .........####... #
#####.#...##..#.
#...#....##.
#.####..###. #.# #..##..
#.## ##.....


You could see a hornet and a kobold brigand.

Vanquished Creatures
  An ugly thing (D:7)
  Menkaure (D:4)
  Edmund (D:4)
  Duvessa (D:4)
  2 black bears
  An ice beast (D:6)
  4 phantoms
  A weeping skull (Ossuary)
  Blork the orc (D:4)
  A kobold brigand (D:7)
  A bullfrog (D:7)
  2 water moccasin zombies (Ossuary)
  3 wights (D:7)
  A wyvern skeleton (D:6)
  Dowan (D:4)
  3 centaur zombies (D:6)
  A bullfrog zombie (D:6)
  3 orc priests
  A centaur skeleton (D:6)
  2 hounds
  3 jellies
  A bullfrog skeleton (D:6)
  2 iguanas (D:6)
  4 orc wizards
  2 crocodile zombies (Ossuary)
  2 mummies (Ossuary)
  A gnoll (D:7)
  7 adders
  2 adder zombies (Ossuary)
  3 dart slugs (D:1)
  3 ribbon worms
  25 orcs
  9 ball pythons
  8 endoplasms
  3 giant cockroaches
  5 goblins
  7 hobgoblins
  7 kobolds
  3 quokkas
  6 bats
  3 frilled lizards
  7 gnoll zombies (Ossuary)
  6 jackal zombies (Ossuary)
  8 orc zombies (Ossuary)
  3 rats (D:1)
162 creatures vanquished.

Vanquished Creatures (others)
  An orc wizard (D:4)
  An adder (D:4)
2 creatures vanquished.

Grand Total: 164 creatures vanquished

Notes
Turn   | Place    | Note
-------+----------+-------------------------------------------
     0 | D:1      | Laraso the Hill Orc Fighter began the quest for the Orb.
     0 | D:1      | Reached XP level 1. HP: 19/19 MP: 1/1
    39 | D:1      | Reached skill level 3 in Axes
    60 | D:1      | Reached XP level 2. HP: 23/26 MP: 2/2
   154 | D:1      | Reached skill level 4 in Axes
   297 | D:1      | Reached XP level 3. HP: 31/31 MP: 3/3
   802 | D:2      | Reached skill level 5 in Axes
   923 | D:2      | Reached XP level 4. HP: 36/39 MP: 4/4
  1326 | D:3      | Reached skill level 6 in Axes
  1916 | D:4      | Noticed Edmund
  1933 | D:4      | Killed Edmund
  1934 | D:4      | Reached skill level 7 in Axes
  1934 | D:4      | Reached XP level 5. HP: 28/45 MP: 5/5
  1936 | D:4      | Became a worshipper of Beogh the Brigand
  2116 | D:4      | Reached skill level 8 in Axes
  2116 | D:4      | Reached XP level 6. HP: 35/51 MP: 6/6
  2153 | D:4      | Gained mutation: You are dopey. (Int -2) [potion of
                  | mutation]
  2153 | D:4      | Gained mutation: You have sharp toenails. [potion of
                  | mutation]
  2153 | D:4      | Gained mutation: You have razor-sharp toenails. [potion of
                  | mutation]
  2458 | D:4      | Noticed Menkaure
  2476 | D:4      | Reached skill level 9 in Axes
  2486 | D:4      | Killed Menkaure
  2487 | D:4      | Reached XP level 7. HP: 27/57 MP: 7/7
  2764 | D:4      | Noticed Blork the orc
  2771 | D:4      | Killed Blork the orc
  2772 | D:4      | Reached skill level 10 in Axes
  2899 | D:4      | Noticed Duvessa
  2900 | D:4      | Noticed Dowan
  2912 | D:4      | Killed Duvessa
  2912 | D:4      | Reached * piety under Beogh
  2920 | D:4      | Killed Dowan
  3111 | D:4      | Lost mutation: You have razor-sharp toenails. [potion of
                  | mutation]
  3111 | D:4      | Lost mutation: You are dopey. (Int -2) [potion of mutation]
  3111 | D:4      | Lost mutation: You have sharp toenails. [potion of
                  | mutation]
  3111 | D:4      | Gained mutation: Armour fits poorly on your strangely
                  | shaped body. [potion of mutation]
  3111 | D:4      | Gained mutation: You have hidden genetic potential. [potion
                  | of mutation]
  3111 | D:4      | Gained mutation: You passively dampen the noise of your
                  | surroundings. [potion of mutation]
  3613 | D:5      | Entered Level 5 of the Dungeon
  3630 | D:5      | Reached skill level 11 in Axes
  3824 | D:5      | Reached XP level 8. HP: 45/64 MP: 8/8
  3925 | D:5      | Identified the +1 dagger of Jicho {flame, +Blink rElec
                  | Dex+6 Stlth-}
  4252 | D:5      | Reached skill level 12 in Axes
  4469 | D:6      | Found a sand-covered staircase.
  4480 | Ossuary  | Entered an ossuary
  4621 | Ossuary  | Gained mutation: You possess an exceptional clarity of
                  | mind. [hidden potential]
  4667 | Ossuary  | Reached ** piety under Beogh
  4782 | Ossuary  | Reached skill level 13 in Axes
  5011 | D:6      | Reached skill level 1 in Invocations
  5173 | D:6      | Reached skill level 14 in Axes
  5174 | D:6      | Reached XP level 9. HP: 32/70 MP: 9/11
  5789 | D:6      | Gained mutation: You have an increased reservoir of magic.
                  | (+10% MP) [hidden potential]
  5789 | D:6      | Lost mutation: You have hidden genetic potential. [hidden
                  | potential expressed]
  6515 | D:7      | Reached skill level 15 in Axes
  6516 | D:7      | Reached skill level 5 in Invocations
  6708 | D:7      | Noticed a purple ugly thing
  6734 | D:7      | Killed a purple ugly thing
  6860 | D:7      | Noticed a hornet
  6861 | D:7      | Paralysed by a hornet for 3 turns
  6877 | D:7      | HP: 1/105 [hornet (11)]
  6878 | D:7      | Mangled by a hornet

Illustrated notes

Levels and vault maps discovered:
D:1:      minmay_arrival_doors, layout_basic, kennysheep_pointless_box,
          minmay_misc_feat_square, chequers_serial_rivers_micro_c
D:2:      layout_basic, serial_aquarium, aquarium_bridge_straight
          [aquarium_subvault_bridge, aquarium_subvault_wall,
          aquarium_subvault_bridge, aquarium_subvault_wall], aquarium_window_1,
          aquarium_window_fake, aquarium_view_2e, aquarium_view_2d,
          aquarium_pool_S
D:3:      layout_basic
D:4:      layout_layer_cave, minmay_pentomino_pile, uniq_menkaure, uniq_duvessa,
          uniq_edmund, uniq_blork_the_orc
D:5:      layout_basic
D:6:      layout_loops_ring, serial_undead, serial_undead_c, serial_undead_e,
          serial_undead_e, serial_undead_e, enter_ossuary_1
D:7:      layout_layer_cave, minmay_temple_entry_antechambers,
          minmay_shattered_shrine

Skill      XL: |  1  2  3  4  5  6  7  8  9 |
---------------+----------------------------+-----
Axes           | 3 4 5 7 8 9 11 14 15 | 15.6
Invocations    | 3 6 |  6.0
Fighting       | |  3.6
Armour         | |  3.2
Shields        | |  3.2

Action                     |  1- 3 |  4- 6 |  7- 9 || total
---------------------------+-------+-------+-------++-------
  Melee: War axe           |    83 |   110 |   329 ||   522
         Kick              |       |     5 |     6 ||    11
 Invoke: Convert to Beogh  |       |     1 |       ||     1
  Evoke: Wand              |       |       |     2 ||     2
    Use: Scroll            |       |     4 |     5 ||     9
         Potion            |       |     5 |     4 ||     9
 Armour: Scale mail        |    54 |    76 |   224 ||   354
         Skin              |       |     5 |    19 ||    24
  Dodge: Dodged            |    43 |    62 |   102 ||   207
  Block: Buckler           |    23 |    21 |    41 ||    85

Table legend: (Time is in decaauts)
 A = Elapsed time spent in this place.
 B = Non-inter-level travel time spent in this place.
 C = Inter-level travel time spent in this place.
 D = Time resting spent in this place.
 E = Time spent auto-exploring this place.
 F = Levels seen in this place.
 G = Mean time per level.
                   A        B        C        D        E       F      G
               +--------+--------+--------+--------+--------+-----+--------+
         Total |   6878 |   6610 |    268 |   1477 |   3921 |   8 |  859.8 |
       Dungeon |   6365 |   6097 |    268 |   1156 |   3921 |   7 |  909.3 |
       Ossuary |    513 |    513 |      0 |    321 |      0 |   1 |  513.0 |
               +--------+--------+--------+--------+--------+-----+--------+

Top non-repeatable levels by time:
     D:4: 1705 daAuts
     D:6: 1215 daAuts
     D:7: 756 daAuts
     D:1: 720 daAuts
     D:3: 711 daAuts
     D:5: 639 daAuts
     D:2: 615 daAuts
 Ossuary: 513 daAuts
